[Event "CZE-ch Open 2019"]
[Site "Ostrava"]
[Date "2019.05.01"]
[Round "5.23"]
[White "Malik, Jan"]
[Black "Valencik, Jozef"]
[Result "1-0"]
[ECO "C00"]
[WhiteElo "2286"]
[BlackElo "2057"]
[Annotator "NA"]
[PlyCount "61"]
[EventDate "2019.04.27"]
[EventType "swiss"]
[EventCountry "CZE"]
[SourceTitle "playchess.com"]
[Source "ChessBase"]
[SourceQuality "1"]
[TimeControl "40/5400+30:1800+30"]

1. e4 e6 2. d3 d5 3. Nd2 c5 4. Ngf3 Nc6 5. g3 Nf6 6. Bg2 Be7 7. O-O O-O 8. e5 Nd7 9. Re1 Qc7 10. Qe2 b5 11. Nf1 Nd4 12. Nxd4 cxd4 13. h4 Bb4 14. Bd2 Bxd2 15. Qxd2 f6 16. exf6 Nxf6 17. Nh2 Bd7 18. Nf3 Rac8 19. Re2 Qc5 20. Ne5 Rce8 21. Bh3 Bc8 22. Rae1 Kh8 23. a3 Qb6 24. Qg5 Nd7 25. Qh5 Nxe5 26. Rxe5 Qc6 27. Bf5 g6 28. Bxg6 Re7 29. Qh6 Rg8 30. h5 Qxc2 31. Bxh7 1-0

[Event "CZE-ch Open 2019"]
[Site "Ostrava"]
[Date "2019.05.01"]
[Round "5.24"]
[White "Kanakova, Natalie"]
[Black "Vybiral, Zdenek"]
[Result "1/2-1/2"]
[ECO "C03"]
[WhiteElo "2202"]
[BlackElo "2274"]
[Annotator "NA"]
[PlyCount "65"]
[EventDate "2019.04.27"]
[EventType "swiss"]
[EventCountry "CZE"]
[SourceTitle "playchess.com"]
[Source "ChessBase"]
[SourceQuality "1"]
[TimeControl "40/5400+30:1800+30"]

1. e4 e6 2. d4 d5 3. Nd2 a6 4. Ngf3 c5 5. c3 Nc6 6. Bd3 cxd4 7. cxd4 dxe4 8. Nxe4 Bb4+ 9. Nc3 Nf6 10. O-O O-O 11. a3 Be7 12. Bc2 b5 13. Qd3 Bb7 14. Bg5 g6 15. b4 Qb6 16. Rfd1 Rfd8 17. Be3 Qc7 18. Bb3 Rd7 19. Rac1 Rad8 20. Qe2 Qb8 21. h3 Qa8 22. Ng5 Rd6 23. Rd2 Bf8 24. Nge4 Nxe4 25. Nxe4 Nxd4 26. Nf6+ Kh8 27. Bxd4 Rxd4 28. Rxd4 Rxd4 29. Qe5 Qd8 30. Ne8+ Kg8 31. Nf6+ Kh8 32. Ne8+ Kg8 33. Nf6+ 1/2-1/2

[Event "CZE-ch Open 2019"]
[Site "Ostrava"]
[Date "2019.05.01"]
[Round "5.25"]
[White "Didi, Jan"]
[Black "Freisler, Pavel"]
[Result "0-1"]
[ECO "B02"]
[WhiteElo "2025"]
[BlackElo "2245"]
[Annotator "ChessBase"]
[PlyCount "134"]
[EventDate "2019.04.27"]
[EventType "swiss"]
[EventCountry "CZE"]
[SourceTitle "playchess.com"]
[Source "ChessBase"]
[SourceQuality "1"]
[TimeControl "40/5400+30:1800+30"]

1. e4 Nf6 2. e5 Nd5 3. Nc3 Nxc3 4. bxc3 d6 5. exd6 cxd6 6. d4 g6 7. Nf3 Bg7 8. Be2 Nc6 9. O-O O-O 10. Be3 e5 11. Qd2 Qc7 12. Rad1 e4 13. Ne1 Na5 14. f3 exf3 15. Nxf3 Nc4 16. Bxc4 Qxc4 17. Bh6 Bd7 18. Bxg7 Kxg7 19. Qf4 Qxc3 20. Qxd6 Qe3+ 21. Kh1 Qe6 22. Qf4 Rae8 23. Ng5 Qe7 24. h3 h6 25. Nf3 Qe4 26. Qd2 Bb5 27. Rfe1 Qd5 28. c3 Bc6 29. Ne5 f6 30. c4 Qxg2+ 31. Qxg2 Bxg2+ 32. Kxg2 fxe5 33. dxe5 Re7 34. Re4 Rf5 35. Rd5 Kf7 36. Kg3 Ke8 37. Rd6 Rg5+ 38. Kf3 Rf7+ 39. Ke3 Rg3+ 40. Kd4 Rd7 41. h4 Ke7 42. c5 Rg1 43. Kc4 Rc7 44. Kb5 Rb1+ 45. Rb4 Rxb4+ 46. Kxb4 Rc6 47. Rd2 Ke6 48. Re2 Kd5 49. Re1 g5 50. h5 b6 51. cxb6 Rxb6+ 52. Ka5 Re6 53. a4 Kd4 54. Kb4 Rxe5 55. Rd1+ Ke3 56. Rd6 a5+ 57. Kc4 g4 58. Rxh6 g3 59. Rg6 Kf2 60. Rf6+ Kg1 61. h6 Rh5 62. h7 Rxh7 63. Rf5 Ra7 64. Kb5 g2 65. Kb6 Ra8 66. Kb7 Rg8 67. Rxa5 Kh2 0-1

[Event "CZE-ch Open 2019"]
[Site "Ostrava"]
[Date "2019.05.01"]
[Round "5.26"]
[White "Vanek, Tomas"]
[Black "Liska, Jiri"]
[Result "0-1"]
[ECO "B03"]
[WhiteElo "2095"]
[BlackElo "2236"]
[Annotator "NA"]
[PlyCount "128"]
[EventDate "2019.04.27"]
[EventType "swiss"]
[EventCountry "CZE"]
[SourceTitle "playchess.com"]
[Source "ChessBase"]
[SourceQuality "1"]
[TimeControl "40/5400+30:1800+30"]

1. e4 Nf6 2. e5 Nd5 3. c4 Nb6 4. d4 d6 5. f4 dxe5 6. fxe5 Nc6 7. Be3 Bf5 8. Nc3 e6 9. Nf3 Bg4 10. Bf2 {[%emt 0:00:13] B03: Alekhine's Defence: Four Pawns Attack} (10. Be2 Bxf3 11. gxf3 Qh4+ 12. Bf2 Qf4 13. c5 Nd5 14. Nxd5 exd5 15. Qd2 Qxd2+ 16. Kxd2 g6 17. f4 Bh6 18. Be3 f6 19. h4 O-O 20. h5 fxe5 21. fxe5 Bxe3+ 22. Kxe3 {1-0 (55) Onischuk,V (2591)-Kovalenko,I (2643) Khanty-Mansiysk 2013}) 10... Be7 11. Be2 $146 ({Predecessor:} 11. Qd3 O-O 12. a3 f6 13. exf6 Bxf6 14. O-O-O Qe7 15. Ne4 Rad8 16. Nxf6+ Qxf6 17. Be2 Rd7 {0-1 (64) Littlejohn,K (1541)-Bar Jona,A (2081) Dallas 1998}) 11... O-O 12. c5 Nd5 13. h3 Bh5 14. Nxd5 Qxd5 15. O-O Rad8 16. Qe1 a5 17. Qc3 Bxf3 18. Bxf3 Nxd4 19. Bxd5 Ne2+ 20. Kh1 Nxc3 21. Bxb7 Na4 22. b3 Nxc5 23. Rac1 Nxb7 24. Rxc7 Bb4 25. Rxb7 Rd5 26. Bg3 Bc3 27. Rc1 Bxe5 28. Bxe5 Rxe5 29. Ra7 h5 30. Rf1 f6 31. Rc1 Rd8 32. Rcc7 Rd1+ 33. Kh2 Rg5 34. Rc2 Kh7 35. Re2 Rdd5 36. a3 Rd3 37. Rb7 e5 38. Rb5 a4 39. bxa4 Rxa3 40. Rb4 Kh6 41. Reb2 Rgg3 42. Rb8 h4 43. R8b4 Kg5 44. Re4 g6 45. Rc2 Rgc3 46. Rb2 Rab3 47. Rd2 Rd3 48. Rc2 Rdc3 49. Rd2 Rc1 50. Rg4+ Kh5 51. Rd8 g5 52. Re4 Rbb1 53. g4+ hxg3+ 54. Kxg3 Rb3+ 55. Kf2 Rc2+ 56. Re2 Rxe2+ 57. Kxe2 Kg6 58. a5 Rxh3 59. a6 Ra3 60. Ra8 Kf5 $19 (60... g4 $142 61. a7) 61. a7 g4 62. Kf2 Ra2+ 63. Kg3 e4 64. Rb8 Ra3+ 0-1

[Event "CZE-ch Open 2019"]
[Site "Ostrava"]
[Date "2019.05.01"]
[Round "5.27"]
[White "Jedlicka, Ales"]
[Black "Kana, Pavel"]
[Result "1/2-1/2"]
[ECO "D35"]
[WhiteElo "2236"]
[BlackElo "2013"]
[Annotator "NA"]
[PlyCount "114"]
[EventDate "2019.04.27"]
[EventType "swiss"]
[EventCountry "CZE"]
[SourceTitle "playchess.com"]
[Source "ChessBase"]
[SourceQuality "1"]
[TimeControl "40/5400+30:1800+30"]

1. d4 d5 2. c4 e6 3. Nc3 Nf6 4. cxd5 exd5 5. Bg5 Be7 6. e3 O-O 7. Bd3 Re8 8. Nge2 Nbd7 9. O-O c6 10. Qc2 Nf8 11. Rad1 g6 12. f3 Ne6 13. Bh4 Ng7 14. Bf2 Bf5 15. e4 Be6 16. e5 Nd7 17. Ng3 Rc8 18. f4 f5 19. exf6 Nxf6 20. f5 gxf5 21. Bxf5 Qd7 22. Bxe6+ Qxe6 23. Rde1 Qg4 24. Qb3 b6 25. Nce4 Kh8 26. Nxf6 Bxf6 27. h3 Qg6 28. Rxe8+ Rxe8 29. Qf3 Be7 30. Be3 Bd6 31. Bf4 Rf8 32. Qe3 Kg8 33. Bxd6 Rxf1+ 34. Kxf1 Qxd6 35. Qg5 Qd7 36. Kg1 Kf7 37. Qf4+ Kg8 38. h4 h5 39. Qg5 Qf7 40. b4 Kh7 41. Kh2 Qg6 42. Qe7 Qg4 43. Qf6 Qg6 44. Qe5 Qg4 45. Qf6 Qg6 46. Qe7 Qg4 47. a4 Kg6 48. Ne2 Ne6 49. Qe8+ Kf6 50. Qh8+ Kf7 51. Qe5 Qxh4+ 52. Kg1 Qe1+ 53. Kh2 Qh4+ 54. Kg1 Qe1+ 55. Kh2 Qh4+ 56. Kg1 Qe1+ 57. Kh2 Qxb4 1/2-1/2

[Event "CZE-ch Open 2019"]
[Site "Ostrava"]
[Date "2019.05.01"]
[Round "5.28"]
[White "Holy, Filip"]
[Black "Vokac, Marek"]
[Result "0-1"]
[ECO "B07"]
[WhiteElo "2096"]
[BlackElo "2343"]
[Annotator "NA"]
[PlyCount "70"]
[EventDate "2019.04.27"]
[EventType "swiss"]
[EventCountry "CZE"]
[SourceTitle "playchess.com"]
[Source "ChessBase"]
[SourceQuality "1"]
[TimeControl "40/5400+30:1800+30"]

1. d4 d6 2. e4 Nf6 3. Nc3 c6 4. f4 Qa5 5. Bd3 e5 6. Nf3 Nbd7 7. Be3 Ng4 8. Bg1 exf4 9. Qd2 Ne3 10. g3 Qh5 11. Qe2 Nf6 12. Bxe3 fxe3 13. Qxe3 g6 14. e5 Ng4 15. Qe2 d5 16. O-O Be6 17. Na4 Bh6 18. Nc5 O-O 19. Nxb7 Rab8 20. Na5 c5 21. b3 Rb6 22. c3 cxd4 23. cxd4 Ne3 24. Rf2 Bh3 25. Nh4 Bg4 26. Qb2 Nd1 27. Rxd1 Bxd1 28. Ng2 Bf3 29. Qc2 Bxg2 30. Kxg2 Be3 31. Rf3 Bxd4 32. Nc6 Bxe5 33. Ne7+ Kh8 34. Qc5 Bd6 35. Qe3 Qe5 0-1

[Event "CZE-ch Open 2019"]
[Site "Ostrava"]
[Date "2019.05.01"]
[Round "5.29"]
[White "Obsivac, Josef"]
[Black "Kolar, Stanislav"]
[Result "1-0"]
[ECO "E11"]
[WhiteElo "2285"]
[BlackElo "2091"]
[Annotator "NA"]
[PlyCount "103"]
[EventDate "2019.04.27"]
[EventType "swiss"]
[EventCountry "CZE"]
[SourceTitle "playchess.com"]
[Source "ChessBase"]
[SourceQuality "1"]
[TimeControl "40/5400+30:1800+30"]

1. d4 Nf6 2. c4 e6 3. Nf3 Bb4+ 4. Nbd2 d5 5. Qa4+ Nc6 6. a3 Be7 7. e3 O-O 8. Qc2 a5 9. b3 Bd7 10. Bd3 h6 11. Bb2 b6 12. O-O Na7 13. e4 c6 14. e5 Nh5 15. g3 g5 16. Qd1 Ng7 17. Qe2 c5 18. Rac1 Nc6 19. Bb1 g4 20. Ne1 cxd4 21. Qxg4 Nxe5 22. Qe2 Ng6 23. cxd5 exd5 24. Nef3 Bg4 25. Rc6 Bf6 26. Qb5 Bd7 27. Qxb6 Bxc6 28. Qxc6 Rc8 29. Qa6 Ne6 30. Re1 Nc5 31. Qf1 Re8 32. Rxe8+ Qxe8 33. Qh3 Kg7 34. Nxd4 Bxd4 35. Bxd4+ f6 36. Qf5 Rc6 37. Kg2 Qf7 38. Bxc5 Rxc5 39. Nf3 Rc1 40. Nd4 Nf8 41. Qg4+ Kh8 42. Bf5 Re1 43. Qf4 Qg7 44. Qd2 Re5 45. Qxa5 Qb7 46. Qd2 Kg7 47. Qd3 Qc7 48. Nf3 Re8 49. Qxd5 Re2 50. Bd3 Re7 51. Bc4 Ne6 52. Nd4 1-0

[Event "CZE-ch Open 2019"]
[Site "Ostrava"]
[Date "2019.05.01"]
[Round "5.30"]
[White "Koubova, Anna Marie"]
[Black "Jurek, Josef"]
[Result "1/2-1/2"]
[ECO "D37"]
[WhiteElo "2005"]
[BlackElo "2269"]
[Annotator "NA"]
[PlyCount "53"]
[EventDate "2019.04.27"]
[EventType "swiss"]
[EventCountry "CZE"]
[SourceTitle "playchess.com"]
[Source "ChessBase"]
[SourceQuality "1"]
[TimeControl "40/5400+30:1800+30"]

1. d4 Nf6 2. c4 e6 3. Nf3 d5 4. Nc3 dxc4 5. e3 a6 6. a4 c5 7. Bxc4 Nc6 8. O-O cxd4 9. exd4 Nb4 10. Bg5 Be7 11. Qe2 O-O 12. Rfe1 Bd7 13. Ne5 Rc8 14. Rad1 Rc7 15. Bb3 Bc6 16. Nxc6 bxc6 17. Bf4 Rb7 18. Be5 a5 19. Ne4 Nxe4 20. Qxe4 Bf6 21. Re3 Rd7 22. Rf3 Bxe5 23. Qxe5 Qc7 24. Qg5 Qd8 25. Qe5 Qc7 26. Qg5 Qd8 27. Qe5 1/2-1/2

[Event "CZE-ch Open 2019"]
[Site "Ostrava"]
[Date "2019.05.01"]
[Round "5.31"]
[White "Bulockin, Martin"]
[Black "Vorisek, Jakub"]
[Result "1/2-1/2"]
[ECO "C03"]
[WhiteElo "2199"]
[BlackElo "1991"]
[Annotator "NA"]
[PlyCount "71"]
[EventDate "2019.04.27"]
[EventType "swiss"]
[EventCountry "CZE"]
[SourceTitle "playchess.com"]
[Source "ChessBase"]
[SourceQuality "1"]
[TimeControl "40/5400+30:1800+30"]

1. e4 e6 2. d4 d5 3. Nd2 a6 4. Ngf3 c5 5. exd5 exd5 6. dxc5 Bxc5 7. Bd3 Qe7+ 8. Qe2 Nc6 9. Nb3 Bb6 10. c3 Bg4 11. Qxe7+ Ngxe7 12. Nfd4 Nxd4 13. Nxd4 Bxd4 14. cxd4 Nc6 15. Be3 Nb4 16. Bb1 Rc8 17. Kd2 O-O 18. a3 Nc6 19. Ba2 Be6 20. Rac1 Na5 21. b3 Rfd8 22. Rxc8 Rxc8 23. Rc1 Rxc1 24. Kxc1 Kf8 25. Kb2 Ke7 26. Bb1 g6 27. Kc3 Bf5 28. Bxf5 gxf5 29. Bf4 Kd7 30. a4 Kc6 31. Bg5 Kd7 32. f3 Ke8 33. Bc1 Kd7 34. Ba3 Nc6 35. Bc5 b5 36. axb5 1/2-1/2

[Event "CZE-ch Open 2019"]
[Site "Ostrava"]
[Date "2019.05.01"]
[Round "5.32"]
[White "Pavlicek, Lukas"]
[Black "Bartos, Jan"]
[Result "1/2-1/2"]
[ECO "A30"]
[WhiteElo "1963"]
[BlackElo "2178"]
[Annotator "NA"]
[PlyCount "95"]
[EventDate "2019.04.27"]
[EventType "swiss"]
[EventCountry "CZE"]
[SourceTitle "playchess.com"]
[Source "ChessBase"]
[SourceQuality "1"]
[TimeControl "40/5400+30:1800+30"]

1. c4 Nf6 2. Nc3 c5 3. Nf3 e6 4. g3 b6 5. Bg2 Bb7 6. O-O Be7 7. d4 cxd4 8. Qxd4 O-O 9. Rd1 d6 10. b3 Nbd7 11. e4 a6 12. Ba3 Nc5 13. e5 dxe5 14. Qxd8 Rfxd8 15. Nxe5 Bxg2 16. Kxg2 Bf8 17. Nc6 Rdc8 18. Ne5 b5 19. cxb5 axb5 20. Nxb5 Ra5 21. Bxc5 Rxc5 22. b4 Rxe5 23. bxa5 Rxb5 24. Rd8 Rxa5 25. Rc1 Ra7 26. Rcc8 Nd7 27. a4 g6 28. a5 Kg7 29. Ra8 Rxa8 30. Rxa8 Nc5 31. a6 Nxa6 32. Rxa6 h5 33. Ra7 Bc5 34. Rc7 Bd4 35. f3 e5 36. Kf1 Kf6 37. Ke2 Ke6 38. h3 f5 39. Rc6+ Kf7 40. Rd6 Kg7 41. Rd5 Bc3 42. Rd1 Kf6 43. Kd3 Bd4 44. Rd2 Bb6 45. Rc2 Ba5 46. Rc6+ Kf7 47. Ke2 Bb4 48. Rc7+ 1/2-1/2

[Event "CZE-ch Open 2019"]
[Site "Ostrava"]
[Date "2019.05.01"]
[Round "5.33"]
[White "Havelka, Ondrej"]
[Black "Horak, Jan"]
[Result "1-0"]
[ECO "A14"]
[WhiteElo "2156"]
[BlackElo "2158"]
[Annotator "NA"]
[PlyCount "129"]
[EventDate "2019.04.27"]
[EventType "swiss"]
[EventCountry "CZE"]
[SourceTitle "playchess.com"]
[Source "ChessBase"]
[SourceQuality "1"]
[TimeControl "40/5400+30:1800+30"]

1. Nf3 Nf6 2. c4 e6 3. g3 d5 4. Bg2 Be7 5. O-O O-O 6. d4 c6 7. Nc3 b6 8. Ne5 Bb7 9. e4 Nbd7 10. cxd5 cxd5 11. Nxd7 Qxd7 12. e5 Ne8 13. f4 f5 14. exf6 Nxf6 15. Re1 Bb4 16. Bd2 Bxc3 17. Bxc3 Rac8 18. Re5 Ne4 19. Bh3 Rf6 20. Qg4 Re8 21. Re1 Rg6 22. Qd1 Rf6 23. Rh5 Bc6 24. Qg4 Qf7 25. Bg2 Nd6 26. Rhe5 Ne4 27. Rh5 Nd6 28. Bb4 Nf5 29. Qh3 g6 30. Rg5 Bb5 31. Bc3 Nd6 32. Rge5 Nc4 33. R5e2 Nd6 34. Re5 a5 35. Bf3 Bd3 36. R5e3 Bf5 37. Qf1 Nc4 38. Re5 Qf8 39. Rxd5 exd5 40. Bxd5+ Be6 41. Bxc4 Bf7 42. Rxe8 Qxe8 43. d5 Qe3+ 44. Kg2 Qe4+ 45. Kh3 Rf5 46. Be2 Bxd5 47. Be5 Be6 48. g4 Qe3+ 49. Bf3 Rf7 50. Kh4 g5+ 51. Kxg5 Qd2 52. Qd1 Qxd1 53. Bxd1 Bxa2 54. h4 b5 55. h5 a4 56. Kh6 Bc4 57. g5 Ra7 58. g6 Ra6 59. f5 hxg6 60. hxg6 b4 61. f6 a3 62. bxa3 bxa3 63. Bc2 a2 64. g7 Ra8 65. Bg6 1-0